 Dungeon Crawl Stone Soup version 0.16.2-12-gd0ad4c3 (webtiles) character file.

92188 faibistes the Eclecticist (level 15, -1/84 HPs)
             Began as a Deep Elf Wizard on Jan 17, 2019.
             Was the Champion of Sif Muna.
             Killed from afar by a deep elf annihilator (26 damage)
             ... with a bolt of lightning
             ... on level 1 of the Elven Halls.
             The game lasted 01:56:38 (36019 turns).

faibistes the Eclecticist (Deep Elf Wizard)        Turns: 36019, Time: 01:56:38

Health: -1/84      AC:  9    Str:  4    XL:     15   Next: 57%
Magic:  3/61       EV: 17    Int: 30    God:    Sif Muna [******]
Gold:   597        SH:  0    Dex: 13    Spells: 12 memorised, 5 levels left

rFire  . . .     SeeInvis .     w - staff of power
rCold  . . .     Clarity  .     P - +2 robe {Archmagi}
rNeg   . . .     SustAb   .     (no shield)
rPois  .         Gourm    .     b - +0 hat
rElec  .         Spirit   .     q - +1 cloak
rCorr  .         Warding  .     I - +1 pair of gloves
rMut   .         Stasis   .     B - +0 pair of boots
MR     +....                    F - amulet of regeneration
Stlth  ++........               J - ring of wizardry
                                s - ring of magical power

@: repel missiles, drained, somewhat resistant to hostile enchantments,
unstealthy
A: no striking features
a: Channel Energy, Forget Spell, Renounce Religion


You were on level 1 of the Elven Halls.
You worshipped Sif Muna.
Sif Muna was exalted by your worship.
You were hungry.

You visited 5 branches of the dungeon, and saw 27 of its levels.

You collected 2293 gold pieces.
You spent 1696 gold pieces at shops.

Inventory:

Armour
 b - a +0 hat (worn)
 q - a +1 cloak (worn)
 B - a +0 pair of boots (worn)
 I - a +1 pair of gloves (worn)
 L - a +0 robe of magic resistance
 P - a +2 robe of the Archmagi (worn)
Magical staves
 w - an uncursed staff of power (weapon)
Jewellery
 e - the amulet "Schiedoa" {Inacc rElec rF- SInv}
   (You found it on level 8 of the Lair of Beasts)

   [amulet of inaccuracy]

   It reduces the accuracy of all your attacks.
   It makes you vulnerable to fire.
   It insulates you from electricity.
   It enhances your eyesight.
 p - an uncursed ring of poison resistance
 s - a ring of magical power (left hand)
 F - an amulet of regeneration (around neck)
 H - an uncursed amulet of warding
 J - a ring of wizardry (right hand)
 T - an uncursed ring of positive energy
Magical devices
 a - a wand of fire (10)
 v - a wand of teleportation (5)
 y - a wand of lightning (4)
 A - a wand of lightning (5)
 C - a wand of disintegration (15)
 G - a wand of slowing (22)
 M - a wand of fire (4)
 Q - a wand of enslavement (24)
 S - a wand of lightning (4)
 W - a wand of paralysis (15)
 X - a wand of digging (11)
Scrolls
 c - 2 scrolls of magic mapping
 g - 11 scrolls of remove curse
 i - 2 scrolls of recharging
 j - 4 scrolls of fog
 m - 2 scrolls of fear
 x - 2 scrolls of enchant weapon
 z - 2 scrolls of immolation
 E - 3 scrolls of blinking
 R - 3 scrolls of teleportation
Potions
 f - 2 potions of resistance
 k - a potion of agility
 l - 3 potions of curing
 u - a potion of cure mutation
 D - a potion of cancellation
 K - a potion of haste
 N - 2 potions of flight
 O - a potion of brilliance
 V - a potion of ambrosia
 Z - 5 potions of restore abilities
Books
 t - Sif Muna's Disquisition on Combat Magic and Air
   (Sif Muna gifted it to you on level 1 of the Elven Halls)

   Spells                             Type                      Level
   a - Shock                          Conjuration/Air              1
   b - Swiftness                      Charms/Air                   2
   c - Throw Flame                    Conjuration/Fire             2
   d - Static Discharge               Conjuration/Air              3
   e - Conjure Ball Lightning         Conjuration/Air              6
Comestibles
 d - 9 bread rations
 h - 3 chunks of flesh
 n - 10 slices of pizza
 o - 6 fruits
 r - 12 meat rations


   Skills:
 + Level 6.1(5.4) Fighting
 - Level 10.0(9.2) Dodging
 - Level 2.4(1.8) Stealth
 * Level 15.1(14.2) Spellcasting
 * Level 10.8(10.1) Conjurations
 + Level 7.3(6.6) Charms
 - Level 4.0(3.4) Summonings
   Level 2.9(2.3) Necromancy
 + Level 8.1(7.4) Translocations
 - Level 3.1(2.5) Transmutations
 + Level 10.7(10.0) Fire Magic
 - Level 4.0(3.4) Air Magic
 * Level 10.9(10.1) Earth Magic
 - Level 2.9(2.3) Poison Magic
 - Level 10.0(9.2) Invocations
 + Level 8.1(7.4) Evocations


You had 5 spell levels left.
You knew the following spells:

 Your Spells              Type           Power        Failure   Level  Hunger
a - Magic Dart            Conj           ####         1%          1    None
b - Conjure Flame         Conj/Fire      #######.     1%          3    None
c - Summon Forest         Summ/Tloc      ######....   3%          5    None
d - Blink                 Tloc           N/A          1%          2    None
e - Mephitic Cloud        Conj/Pois/Air  ######..     1%          3    None
f - Repel Missiles        Chrm/Air       ######       1%          2    None
g - Shroud of Golubria    Chrm/Tloc      #######...   1%          2    None
h - Call Imp              Summ           ######..     1%          2    None
i - Ignite Poison         Fire/Trmt      ######....   2%          5    None
v - Bolt of Fire          Conj/Fire      #######...   3%          6    ####...
x - Stone Arrow           Conj/Erth      ######       1%          3    None
z - Fireball              Conj/Fire      #######...   1%          5    None


Dungeon Overview and Level Annotations

Branches:
Dungeon (13/15)            Temple (1/1) D:7            Lair (8/8) D:10
 Shoals (0/5) Lair:6       Spider (0/5) Lair:5        Slime (0/6) Lair:6
    Orc (4/4) D:11            Elf (1/3) Orc:4
 Vaults: D:13-14

Altars:
Ashenzari
Cheibriados
Dithmenos
Elyvilon
Fedhas
Gozag
Kikubaaqudgha
Makhleb
Nemelex Xobeh
Okawaru
Qazlal
Ru
Sif Muna
Trog
Vehumet
Xom
Yredelemnul
Zin
The Shining One
Beogh
Jiyva

Shops:
D:10 =   Orc:1 **!   Orc:2 (   Orc:4 :[[*(


Message History

The bolt of fire hits the deep elf annihilator.
The deep elf annihilator is almost dead.
Casting: Bolt of Fire
Confirm with . or Enter, or press ? or * to list all spells.
Okay, then.
Casting: Bolt of Fire
Confirm with . or Enter, or press ? or * to list all spells.
Aiming: Stone Arrow
Press: ? - help, Shift-Dir - straight line, f/p - deep elf annihilator
Aim: a deep elf annihilator, wielding a rapier and wearing a leather armour (almost dead)
You feel a surge of power!
The stone arrow misses the deep elf annihilator.
Use which ability? (? or * to list)
You channel some magical energy.
You feel somewhat more hungry.
Use which ability? (? or * to list)
You channel some magical energy.
You are feeling hungry.
The deep elf annihilator points at you and mumbles some strange words.
The bolt of lightning hits you!
You die...

#..#..#..###..[. #. #..#.)'.#..).
# #..#.)###.).) #..#....#)...
#########+# ####..).#....
......... ...........)... .....
..............
######+##############+###########
.....).....)..e.@................
.................................
####..###########################
#.)# .'..# .#e)# #.)# ..)) ####


You could see a deep elf annihilator.

Vanquished Creatures
  Saint Roka (Orc:4)
  An orc warlord (Orc:4)
  A fire dragon (Lair:8)
  Fannar (Lair:6)
  Harold (Lair:7)
  11 hydras
  6 death yaks
  An orc high priest (Orc:4)
  Nergalle (Elf:1)
  4 deep elf knights (Elf:1)
  Erolcha (Orc:2)
  An unseen horror (D:10)
  4 deep elf summoners (Elf:1)
  A deep elf conjurer (Elf:1)
  A cyclops (D:12)
  3 ugly things (D:11)
  2 oklob plants
  A faun (shapeshifter) (Elf:1)
  4 orc sorcerers (Orc:4)
  A dryad (Orc:4)
  4 orc knights
  Maurice (D:10)
  12 elephants
  6 black mambas
  18 spiny frogs
  Psyche (D:11)
  4 komodo dragons
  A spiny frog (shapeshifter) (Elf:1)
  4 deep elf priests (Elf:1)
  6 fire drakes
  6 trolls
  Grinder (D:6)
  A polar bear (Lair:8)
  A boulder beetle (Lair:6)
  2 two-headed ogres
  7 blink frogs
  6 deep elf magi
  47 yaks
  6 basilisks
  A human (D:7)
  A wyvern (D:8)
  A wraith (D:10)
  A steam dragon (Lair:8)
  3 deep elf fighters (Elf:1)
  15 wolves
  2 mottled dragons (Lair:8)
  3 wargs
  8 hippogriffs
  15 porcupines
  A wasp (D:7)
  40 orc warriors
  22 water moccasins
  9 ice beasts
  7 spiders (Lair:5)
  2 black bears
  A sky beast (D:6)
  2 phantoms
  16 crocodiles
  10 ogres
  3 centaurs
  5 big kobolds
  29 giant frogs
  A gnoll sergeant (D:10)
  8 killer bees
  A scorpion (Lair:6)
  11 wights
  4 electric eels
  A jelly (D:6)
  3 centaur skeletons
  6 crimson imps
  2 goliath beetles (D:6)
  27 orc priests
  2 centaur zombies
  2 giant frog skeletons
  2 giant frog zombies
  10 hounds
  5 iguanas
  38 orc wizards
  3 hell rats (Elf:1)
  8 worker ants
  23 sheep
  3 hound skeletons
  A hound zombie (D:5)
  3 worker ant zombies
  31 adders
  15 gnolls
  25 river rats
  2 shadow imps (D:5)
  A giant mite (Lair:6)
  2 worms
  2 adder zombies (D:9)
  7 giant geckos
  2 oozes
  176 orcs
  A bat skeleton (D:7)
  10 giant cockroaches
  29 goblins
  18 hobgoblins
  7 jackals
  37 kobolds
  13 quokkas
  19 bats
  A giant gecko skeleton (D:4)
  4 giant newts
  A quokka skeleton (D:10)
  22 rats
  2 crawling corpses (Elf:1)
  A plant (D:10)
970 creatures vanquished.

Vanquished Creatures (collateral kills)
  A death yak (Lair:6)
  A black mamba (Lair:5)
  A spiny frog (Lair:5)
  7 blink frogs
  A yak (Lair:4)
  6 wolves
  5 orc warriors (Orc:4)
  A spider (Lair:5)
  3 ice beasts (Lair:3)
  A centaur (D:4)
  A giant frog (Lair:5)
  2 killer bees (D:9)
  A hound (D:4)
  An orc priest (Orc:4)
  5 orc wizards
  3 worker ants
  7 sheep
  14 river rats
  4 gnolls (D:5)
  2 giant mites (Lair:6)
  14 orcs
  A giant cockroach (Lair:6)
  2 jackals (D:1)
  A ball python (D:1)
  A bat (D:1)
  2 kobolds
  8 fungi
  7 plants
103 creatures vanquished.

Vanquished Creatures (others)
  A dryad (Lair:8)
  An iguana (Lair:8)
  4 sheep (D:11)
  A white imp (D:5)
  A bush (Lair:1)
  24 fungi
  20 plants
  A snaplasher vine (Lair:6)
  937 snaplasher vine segments
990 creatures vanquished.

Grand Total: 2063 creatures vanquished

Notes
Turn   | Place    | Note
--------------------------------------------------------------
     0 | D:1      | faibistes, the Deep Elf Wizard, began the quest for the Orb.
     0 | D:1      | Reached XP level 1. HP: 10/10 MP: 6/6
   197 | D:1      | Reached XP level 2. HP: 15/15 MP: 7/10
   315 | D:1      | Learned a level 2 spell: Blink
   318 | D:1      | Learned a level 2 spell: Call Imp
   434 | D:1      | Reached skill level 5 in Spellcasting
   910 | D:2      | Reached XP level 3. HP: 19/19 MP: 11/14
   915 | D:2      | Learned a level 3 spell: Conjure Flame
   919 | D:2      | Learned a level 3 spell: Mephitic Cloud
  1031 | D:3      | Found a deep blue altar of Sif Muna.
  1039 | D:3      | Became a worshipper of Sif Muna the Loreminder
  1041 | D:3      | You fall through a shaft for 3 floors!
  1212 | D:7      | Reached XP level 4. HP: 16/24 MP: 9/17
  1223 | D:7      | Learned a level 2 spell: Repel Missiles
  1639 | D:6      | Reached skill level 6 in Spellcasting
  1641 | D:6      | Reached XP level 5. HP: 28/28 MP: 12/20
  1684 | D:5      | Entered Level 5 of the Dungeon
  1940 | D:5      | Acquired Sif Muna's first power
  1947 | D:5      | Reached XP level 6. HP: 19/32 MP: 4/22
  1964 | D:5      | Reached skill level 7 in Spellcasting
  3020 | D:2      | Found a glowing silver altar of Zin.
  3020 | D:2      | Noticed an angel
  3021 | D:2      | Found a shimmering altar of Xom.
  3680 | D:3      | Reached skill level 1 in Air Magic
  3680 | D:3      | Reached XP level 7. HP: 24/36 MP: 12/25
  4166 | D:4      | Reached skill level 1 in Fire Magic
  4170 | D:4      | Reached skill level 1 in Poison Magic
  4694 | D:3      | Identified Sif Muna's Handbook of the Snowflakes
  4875 | D:4      | Learned a level 3 spell: Stone Arrow
  5874 | D:6      | Reached skill level 8 in Spellcasting
  5902 | D:6      | Noticed a giant frog
  5907 | D:6      | Killed a giant frog
  5907 | D:6      | Reached skill level 5 in Dodging
  5907 | D:6      | Reached skill level 5 in Conjurations
  5908 | D:6      | Reached XP level 8. HP: 41/41 MP: 27/27
  5944 | D:7      | Noticed a centaur
  5950 | D:7      | Killed a centaur
  5964 | D:6      | Noticed an orc warrior
  5976 | D:6      | Killed an orc warrior
  6178 | D:6      | Noticed Grinder
  6181 | D:6      | Noticed a sky beast
  6183 | D:6      | Killed Grinder
  6183 | D:6      | Acquired Sif Muna's second power
  6189 | D:6      | Killed a sky beast
  6492 | D:6      | Noticed an ogre
  6501 | D:6      | Killed an ogre
  6506 | D:6      | Reached skill level 1 in Earth Magic
  6669 | D:7      | Noticed an ogre
  6834 | D:7      | Killed an ogre
  6834 | D:7      | Reached skill level 9 in Spellcasting
  6994 | D:6      | Noticed a giant frog
  6998 | D:6      | Killed a giant frog
  7101 | D:7      | Noticed an orc warrior
  7124 | D:7      | Killed an orc warrior
  7124 | D:7      | Reached XP level 9. HP: 45/45 MP: 29/29
  7220 | D:7      | Noticed a giant frog
  7224 | D:7      | Killed a giant frog
  7267 | D:10     | Entered Level 10 of the Dungeon
  7304 | D:9      | Reached skill level 1 in Invocations
  7439 | D:9      | Reached skill level 1 in Charms
  7827 | D:9      | Reached skill level 1 in Evocations
  7947 | D:7      | Noticed a wasp
  7952 | D:7      | Killed a wasp
  7952 | D:7      | Reached skill level 1 in Fighting
  8012 | D:7      | Learned a level 6 spell: Hydra Form
  8094 | D:7      | Found a staircase to the Ecumenical Temple.
  8100 | Temple   | Entered the Ecumenical Temple
  8427 | D:7      | Noticed an ice beast
  8436 | D:7      | Killed an ice beast
  8508 | D:7      | Noticed an orc warrior
  8516 | D:7      | Killed an orc warrior
  8603 | D:7      | Noticed a human
  8610 | D:7      | Killed a human
  8610 | D:7      | Reached skill level 1 in Transmutations
  8941 | D:8      | Acquired Sif Muna's third power
  9467 | D:8      | Reached XP level 10. HP: 49/52 MP: 26/31
 10497 | D:9      | Reached skill level 10 in Spellcasting
 11379 | D:10     | Noticed Maurice
 11386 | D:10     | Killed Maurice
 11982 | D:10     | Reached skill level 5 in Fire Magic
 11998 | D:10     | Killed an unseen horror
 11998 | D:10     | Reached skill level 5 in Earth Magic
 12219 | D:10     | Reached XP level 11. HP: 42/59 MP: 7/32
 12914 | D:10     | Found a staircase to the Lair.
 12987 | D:10     | Found Maegim's Jewellery Boutique.
 13447 | D:10     | Received a gift from Sif Muna
 13447 | D:10     | Reached skill level 11 in Spellcasting
 13447 | D:10     | Reached skill level 5 in Charms
 13447 | D:10     | Reached skill level 5 in Translocations
 13447 | D:10     | Reached XP level 12. HP: 62/64 MP: 34/34
 13448 | D:10     | Identified Feuss' Compendium of Ensnaring Good Luck (Sif Muna gifted it to you on level 10 of the Dungeon)
 13455 | D:10     | Learned a level 5 spell: Summon Forest
 13458 | D:10     | Learned a level 2 spell: Shroud of Golubria
 13531 | Lair:1   | Entered Level 1 of the Lair of Beasts
 14016 | Lair:2   | Noticed a six-headed hydra
 14029 | Lair:2   | Killed a six-headed hydra
 14676 | Lair:1   | Reached skill level 12 in Spellcasting
 16186 | Lair:2   | Reached skill level 5 in Evocations
 16242 | Lair:2   | Noticed a seven-headed hydra
 16333 | Lair:2   | Killed a seven-headed hydra
 16333 | Lair:2   | Received a gift from Sif Muna
 16334 | Lair:2   | Identified Sif Muna's Collected Works on Shifting Evil Secrets (Sif Muna gifted it to you on level 2 of the Lair of Beasts)
 17050 | Lair:4   | Found a frozen archway.
 17055 | Lair:3   | Reached XP level 13. HP: 70/70 MP: 35/36
 17438 | Lair:3   | Found a white marble altar of Elyvilon.
 18386 | Lair:3   | Noticed a five-headed hydra
 18395 | Lair:3   | Killed a five-headed hydra
 18607 | Lair:6   | Found a staircase to the Shoals.
 18732 | Lair:6   | Identified a scroll of acquirement
 18763 | Lair:5   | Found a white marble altar of Elyvilon.
 18773 | Lair:6   | Found a staircase to the Slime Pits.
 18773 | Lair:6   | Found a viscous altar of Jiyva.
 18787 | Lair:4   | Noticed a four-headed hydra
 19152 | Lair:4   | Killed a four-headed hydra
 19614 | Lair:4   | Noticed a seven-headed hydra
 19647 | Lair:4   | Killed a seven-headed hydra
 20428 | Lair:5   | Found a hole to the Spider Nest.
 20602 | Lair:5   | Reached skill level 13 in Spellcasting
 21168 | Lair:6   | Noticed Fannar
 21186 | Lair:6   | Killed Fannar
 21770 | Lair:7   | Received a gift from Sif Muna
 21772 | Lair:7   | Identified Sif Muna's Volume of Earthen Summoning (Sif Muna gifted it to you on level 7 of the Lair of Beasts)
 21833 | Lair:8   | Entered Level 8 of the Lair of Beasts
 22184 | Lair:6   | Reached skill level 5 in Fighting
 22528 | Lair:6   | Reached XP level 14. HP: 40/78 MP: 29/37
 23165 | Lair:6   | Found a hole to the Spider Nest.
 24182 | Lair:7   | Noticed Harold
 24194 | Lair:7   | Killed Harold
 26116 | Lair:8   | Reached skill level 10 in Conjurations
 26172 | Lair:8   | Reached skill level 10 in Fire Magic
 26543 | Lair:8   | Received a gift from Sif Muna
 26544 | Lair:8   | Identified Skoeh's Tome of the Voyage (Sif Muna gifted it to you on level 8 of the Lair of Beasts)
 26674 | Lair:8   | Reached skill level 14 in Spellcasting
 26792 | Lair:8   | Got a sparkling silver amulet
 26794 | Lair:8   | Identified the amulet "Schiedoa" {Inacc rElec rF- SInv} (You found it on level 8 of the Lair of Beasts)
 27103 | Lair:2   | Learned a level 5 spell: Bolt of Draining
 27295 | D:11     | Reached skill level 1 in Necromancy
 27335 | D:11     | Noticed Psyche
 27340 | D:11     | Killed Psyche
 27802 | D:11     | Found a shimmering altar of Xom.
 28348 | D:11     | Found a staircase to the Orcish Mines.
 28379 | D:11     | Reached skill level 10 in Earth Magic
 29526 | Orc:1    | Entered Level 1 of the Orcish Mines
 29526 | Orc:1    | Found Ybikuit's Distillery.
 29587 | Orc:1    | Bought a potion of heal wounds for 75 gold pieces
 29587 | Orc:1    | Bought a potion of mutation for 37 gold pieces
 29587 | Orc:1    | Bought a potion of curing for 45 gold pieces
 29587 | Orc:1    | Bought a potion of curing for 45 gold pieces
 29873 | Orc:2    | Noticed Erolcha
 29883 | Orc:2    | Killed Erolcha
 30208 | Orc:1    | Found Miutumirat's General Store.
 30223 | Orc:1    | Bought a +2 robe of the Archmagi for 527 gold pieces
 30715 | Orc:1    | Found Ahonaced's Assorted Antiques.
 30725 | Orc:1    | Bought a potion of curing for 66 gold pieces
 31234 | Orc:2    | Found Ona Schu's Weapon Shoppe.
 31335 | Orc:3    | Found a roughly hewn altar of Beogh.
 31399 | Orc:4    | Entered Level 4 of the Orcish Mines
 32190 | Orc:4    | Noticed Saint Roka
 32443 | Orc:4    | Reached XP level 15. HP: 63/84 MP: 38/38
 32601 | Orc:4    | Paralysed by an orc sorcerer for 3 turns
 32750 | Orc:4    | Killed Saint Roka
 32750 | Orc:4    | Reached skill level 10 in Dodging
 32750 | Orc:4    | Reached skill level 10 in Invocations
 32914 | Orc:4    | Found a roughly hewn altar of Beogh.
 33647 | Orc:4    | Found Elatut's General Store.
 33653 | Orc:4    | Bought a scroll of amnesia for 56 gold pieces
 33663 | Orc:4    | Found Skaplah's Antique Weapon Shoppe.
 33672 | Orc:4    | Found Daydwasso's Antique Armour Shoppe.
 33790 | Orc:4    | Found Luoceplo's Armour Boutique.
 33870 | Orc:4    | Found a staircase to the Elven Halls.
 34045 | Orc:4    | Found Loelun's Book Shoppe.
 34998 | Orc:4    | Bought a book of Fire for 845 gold pieces
 35005 | Orc:4    | Learned a level 6 spell: Bolt of Fire
 35011 | Orc:4    | Learned a level 5 spell: Fireball
 35018 | Orc:4    | Learned a level 5 spell: Ignite Poison
 35624 | Elf:1    | Entered Level 1 of the Elven Halls
 35706 | Elf:1    | Received a gift from Sif Muna
 35709 | Elf:1    | Identified Sif Muna's Disquisition on Combat Magic and Air (Sif Muna gifted it to you on level 1 of the Elven Halls)
 35832 | Elf:1    | Reached skill level 15 in Spellcasting
 35988 | Elf:1    | Noticed Nergalle
 35990 | Elf:1    | Killed Nergalle
 36019 | Elf:1    | Killed from afar by a deep elf annihilator

Action                   |  1- 3 |  4- 6 |  7- 9 | 10-12 | 13-15 || total
-------------------------+-------+-------+-------+-------+-------++-------
Melee: Unarmed           |     1 |       |       |       |     1 ||     2
       Dagger            |     2 |     2 |    20 |    10 |       ||    34
       Short sword       |       |     1 |     7 |       |       ||     8
       Staff             |       |       |       |    14 |     6 ||    20
 Cast: Magic Dart        |    61 |   163 |   269 |   217 |   460 ||  1170
       Call Imp          |     3 |     8 |     3 |       |       ||    14
       Conjure Flame     |     1 |     6 |    30 |    35 |   117 ||   189
       Mephitic Cloud    |       |     5 |    30 |    29 |    44 ||   108
       Repel Missiles    |       |     1 |     2 |     1 |     6 ||    10
       Blink             |       |     7 |    20 |    27 |    29 ||    83
       Stone Arrow       |       |       |    80 |   249 |   750 ||  1079
       Summon Forest     |       |       |       |     4 |    20 ||    24
       Bolt of Draining  |       |       |       |       |    64 ||    64
       Fireball          |       |       |       |       |    28 ||    28
       Bolt of Fire      |       |       |       |       |    14 ||    14
Invok: Channel Energy    |       |       |     3 |    18 |    33 ||    54
       Forget Spell      |       |       |       |       |     1 ||     1
Evoke: Wand              |       |       |       |     2 |       ||     2
  Use: Scroll            |     1 |     5 |     9 |    11 |     9 ||    35
       Potion            |       |       |       |     3 |     4 ||     7
 Stab: Confused          |       |       |     2 |     2 |       ||     4
  Eat: Chunk             |     1 |     7 |    19 |    27 |    62 ||   116
       Fruit             |       |       |       |     2 |     2 ||     4
       Beef jerky        |       |       |       |       |     5 ||     5
